 Dungeon Crawl Stone Soup version 0.26.1-11-gd32895ea62 (webtiles) character file.

Game seed: 10937160426833477741

58 m4nu the Poker (level 4, -1/35 HPs)
             Began as a Merfolk Gladiator on Apr 20, 2021.
             Slain by Sigmund
             ... wielding a +0 scythe
              (8 damage)
             ... on level 2 of the Dungeon.
             The game lasted 00:08:19 (1088 turns).

m4nu the Poker (Merfolk Gladiator)                  Turns: 1088, Time: 00:08:19

Health: -1/35      AC:  4    Str: 15    XL:     4   Next: 1%
Magic:  4/4        EV: 14    Int:  7    God:
Gold:   71         SH:  0    Dex: 15    Spells: 3/3 levels left

rFire    . . .     SeeInvis .   a - +0 trident
rCold    . . .     Faith    .   (no shield)
rNeg     . . .     Spirit   .   b - +0 leather armour
rPois    .         Reflect  .   c - +0 helmet
rElec    .         Harm     .   (no cloak)
rCorr    .         Rampage  .   (no gloves)
Will     .....                  (no boots)
Stlth    +.........             (no amulet)
HPRegen  0.11/turn              (no ring)
MPRegen  0.09/turn              (no ring)

@: no status effects
A: change form in water, swift swim, stealthy swim
a: no special abilities


You were on level 2 of the Dungeon.
You visited 1 branch of the dungeon, and saw 2 of its levels.

You collected 71 gold pieces.

Inventory:

Hand Weapons
 a - a +0 trident (weapon)
Missiles
 d - 3 throwing nets (quivered)
 f - 8 stones
 i - 24 arrows
Armour
 b - a +0 leather armour (worn)
 c - a +0 helmet (worn)
Scrolls
 h - a scroll of amnesia {unknown}
 j - 2 scrolls of fear {unknown}
 n - a scroll of blinking {unknown}
 o - a scroll of enchant weapon {unknown}
 p - 3 scrolls of remove curse {unknown}
 q - a scroll of identify {unknown}
Potions
 e - a potion of attraction {unknown}
 g - 4 potions of curing {unknown}
 k - a potion of heal wounds {unknown}
 l - a potion of magic {unknown}
 m - a potion of resistance {unknown}
 r - a potion of haste {unknown}


   Skills:
 + Level 3.0 Fighting
 + Level 5.4 Polearms
 + Level 2.1 Throwing
 + Level 4.7 Dodging
 + Level 0.4 Stealth


You had 3 spell levels left.
You didn't know any spells.
Your spell library was empty.

Dungeon Overview and Level Annotations

Branches:
Dungeon (2/15)

Altars:

Annotations:
D:2 Sigmund


Message History

You hit something but do no damage. Something hits you.
You miss something. You closely miss something. Something hits you.
You barely miss something. Something barely misses you.
You miss something. You miss something. Something barely misses you.
You hit something. Something hits you.
You closely miss something. You hit something. Something closely misses you.
You miss something. Something hits you.
You hit something. You closely miss something. Something hits you.
* * * LOW HITPOINT WARNING * * *
You barely miss something. Something hits you but does no damage.
You barely miss something. Something hits you but does no damage.
You closely miss something. You hit something. Something hits you.
* * * LOW HITPOINT WARNING * * *
You puncture something! Something hits you!
You die...

#.#.#..........## ...
#.#.............. ....
#.............#### ....#
....##..###.##..# ..>.#
### #..# #.##..#### ..###
##..###........# #.
...............# #.
.......{.......###.#####
........@.......##.......
#.........!......##.......
...............##.........


There were no monsters in sight!

Vanquished Creatures
  An adder (D:2)
  2 oozes (D:1)
  2 dart slugs
  3 leopard geckos (D:1)
  5 bats
  3 giant cockroaches (D:1)
  A goblin (D:1)
  2 hobgoblins
  3 jackals (D:1)
  A ball python (D:1)
  3 frilled lizards (D:1)
  5 kobolds (D:1)
  2 rats (D:1)
33 creatures vanquished.

Notes
Turn   | Place    | Note
-------+----------+-------------------------------------------
     0 | D:1      | m4nu the Merfolk Gladiator began the quest for the Orb.
     0 | D:1      | Reached XP level 1. HP: 16/16 MP: 1/1
    61 | D:1      | Reached XP level 2. HP: 18/22 MP: 2/2
   241 | D:1      | Reached skill level 5 in Polearms
   248 | D:1      | Reached XP level 3. HP: 27/28 MP: 3/3
   901 | D:2      | Noticed Sigmund
   963 | D:2      | Reached XP level 4. HP: 27/35 MP: 4/4
  1088 | D:2      | Slain by Sigmund

Illustrated notes

Levels and vault maps discovered:
D:1:      dpeg_arrival_rhombi, layout_loops_ring, minmay_bisected
D:2:      layout_rooms, kennysheep_vampire_church, uniq_sigmund

Skill      XL: |  1  2  3 |
---------------+----------+-----
Polearms       | 5 |  5.4
Fighting       | 3 |  3.0
Throwing       | |  2.1
Dodging        | |  4.7
Stealth        | |  0.4

Action                   |  1- 3 |  4- 6 || total
-------------------------+-------+-------++-------
Melee: Trident           |   105 |    18 ||   123
Armor: Leather armour    |    36 |     1 ||    37
Dodge: Dodged            |    83 |     4 ||    87
